 Dungeon Crawl Stone Soup version 0.28-a0-1182-g381e24db82 (webtiles) character file.

Game seed: 15527288237891451152

14 LadyOphelia the Skirmisher (level 2, -3/33 HPs)
             Began as an Ogre Berserker on Dec 17, 2021.
             Was a Follower of Trog.
             Slain by a kobold (4 damage)
             ... on level 1 of the Dungeon.
             The game lasted 00:01:43 (650 turns).

LadyOphelia the Skirmisher (Ogre Berserker)          Turns: 650, Time: 00:01:44

Health: -3/33      AC:  3    Str: 20    XL:     2   Next: 41%
Magic:  2/2        EV: 10    Int:  8    God:    Trog [*.....]
Gold:   103        SH:  0    Dex:  8    Spells: 1/1 levels left

rFire   . . .      SeeInvis .   (no weapon)
rCold   . . .      Faith    .   (no shield)
rNeg    . . .      Spirit   .   b - +0 animal skin
rPois   .          Reflect  .   (helmet restricted)
rElec   .          Harm     .   (no cloak)
rCorr   .          Rampage  .   (gloves unavailable)
Will    .....                   (boots unavailable)
Stlth   +.........              (no amulet)
HPRegen 0.11/turn               (no ring)
MPRegen 0.08/turn               (no ring)

@: no status effects
A: large, unfitting armour, tough skin 1
a: Renounce Religion, Berserk


You were on level 1 of the Dungeon.
You worshipped Trog.
Trog was aware of your devotion.
You visited 1 branch of the dungeon, and saw 1 of its levels.

You collected 103 gold pieces.

Inventory:

Hand Weapons
 a - a +0 vampiric dagger
Armour
 b - a +0 animal skin (worn)
 g - a +0 ring mail
Scrolls
 d - a scroll of teleportation {unknown}
 e - 2 scrolls of identify {unknown}
 f - a scroll of noise {unknown}
Potions
 c - a potion of might {unknown}


   Skills:
 + Level 4.4 Fighting
 + Level 3.2 Axes
 + Level 2.9 Dodging


You had one spell level left.
You didn't know any spells.
Your spell library was empty.

Dungeon Overview and Level Annotations

Branches:
Dungeon (1/15)

Altars:

Shops:
D:1 (


Innate Abilities, Weirdness & Mutations

You are too large for most types of armour.
You have tough skin. (AC +1)


Message History

You barely miss the kobold. The bat hits you but does no damage.
The kobold closely misses you.
You barely miss the kobold. The bat hits you but does no damage.
The kobold hits you but does no damage.
You barely miss the kobold. The bat barely misses you.
The kobold hits you with a +0 hand axe.
You hit the kobold but do no damage. The bat hits you.
* * * LOW HITPOINT WARNING * * *
The kobold hits you with a +0 hand axe.
* * * LOW HITPOINT WARNING * * *
You hit the kobold but do no damage. The bat misses you.
The kobold hits you with a +0 hand axe.
* * * LOW HITPOINT WARNING * * *
You barely miss the kobold. The bat hits you but does no damage. x2
The kobold hits you but does no damage.
You hit the kobold but do no damage. The bat hits you.
* * * LOW HITPOINT WARNING * * *
The kobold barely misses you.
You barely miss the kobold. The bat hits you but does no damage.
The kobold hits you but does no damage.
You hit the kobold.
The kobold is heavily wounded.
The bat hits you but does no damage. x2
The kobold hits you but does no damage.
You barely miss the kobold.
The kobold is heavily wounded.
The bat hits you.
* * * LOW HITPOINT WARNING * * *
The kobold hits you but does no damage.
You hit the kobold but do no damage.
The kobold is heavily wounded.
The bat hits you but does no damage. The kobold barely misses you.
You hit the kobold but do no damage.
The kobold is heavily wounded.
The bat hits you but does no damage. The kobold hits you with a +0 hand axe.
* * * LOW HITPOINT WARNING * * *
You hit the kobold but do no damage.
The kobold is heavily wounded.
The bat closely misses you. The kobold hits you with a +0 hand axe.
You die...

.####.##
#....#.# #
.......
.....).##### .#
......#
#.##.#.#.#.##.##
.......
#.#............
......# #
#.##.#.#.#.#.#
.####.#
#.#.##.........
.......
#.#.##.#b#>#.##
.####.#
#....†.K.)..).#
.# #.#
###.####@#.#.##
.# #.#
#........#####
.## #.#
#.#.###### ..#
#.###.#.# #.#
#.....#.# ..#
#.#####.. #.#
#.# ### #..##.#
## #..##.# . #


You could see a bat and a kobold.

Vanquished Creatures
  An endoplasm (D:1)
  A giant cockroach (D:1)
  3 goblins (D:1)
  2 hobgoblins (D:1)
  A quokka (D:1)
  A ball python (D:1)
  A frilled lizard (D:1)
  3 kobolds (D:1)
13 creatures vanquished.

Notes
Turn   | Place    | Note
-------+----------+-------------------------------------------
     0 | D:1      | LadyOphelia the Ogre Berserker began the quest for the Orb.
     0 | D:1      | Reached XP level 1. HP: 24/24 MP: 1/1
   233 | D:1      | Reached XP level 2. HP: 31/32 MP: 2/2
   342 | D:1      | Found Padeufi's Weapon Boutique.
   530 | D:1      | Found a faded altar of an unknown god.
   649 | D:1      | HP: 1/33 [kobold (2)]
   650 | D:1      | Slain by a kobold

Illustrated notes

Levels and vault maps discovered:
D:1:      kennysheep_arrival_seaside, layout_basic, serial_shops, shop_statue,
          ebering_ecumenical_altar_box, st_stairs_8, minmay_ruptured

Action                   || total
-------------------------++-------
Melee: Hand axe          ||    23
       Unarmed           ||    66
Armor: Animal skin       ||    38
Dodge: Dodged            ||    61

Table legend: (Time is in decaauts)
 A = Elapsed time spent in this place.
 B = Non-inter-level travel time spent in this place.
 C = Inter-level travel time spent in this place.
 D = Time resting spent in this place.
 E = Time spent auto-exploring this place.
 F = Levels seen in this place.
 G = Mean time per level.
                   A        B        C        D        E       F      G
               +--------+--------+--------+--------+--------+-----+--------+
         Total |    653 |    653 |      0 |      0 |    409 |   1 |  653.0 |
       Dungeon |    653 |    653 |      0 |      0 |    409 |   1 |  653.0 |
               +--------+--------+--------+--------+--------+-----+--------+

Top non-repeatable levels by time:
     D:1: 653 daAuts
